 Dungeon Crawl Stone Soup version 0.20-a0-641-g673355a (webtiles) character file.

1509 MrPlanck the Insei (level 8, 0/58 HPs)
             Began as a Barachian Monk on Feb 13, 2017.
             Was a Believer of Cheibriados.
             Slain by an iguana (1 damage)
             ... on level 7 of the Dungeon.
             The game lasted 00:16:06 (6736 turns).

MrPlanck the Insei (Barachian Monk)                 Turns: 6736, Time: 00:16:07

Health: 0/58       AC:  8    Str: 15    XL:     8   Next: 83%
Magic:  0/8        EV: 15    Int: 12    God:    Cheibriados [**....]
Gold:   239        SH:  0    Dex: 18    Spells: 7/7 levels left

rFire    . . .     SeeInvis .   b - +2 dagger (venom)
rCold    . . .     Gourm    .   c - +0 scale mail
rNeg     . . .     Faith    .   (no shield)
rPois    .         Spirit   +   (no helmet)
rElec    .         Reflect  .   (no cloak)
rCorr    .         Harm     .   C - +1 pair of gloves
MR       +....                  (no boots)
Stlth    +.........             H - amulet of guardian spirit
Regen    0.2/turn               t - ring of protection from magic
MPRegen  0.2/turn               v - +3 ring of evasion

@: can't hop, very slow
A: swims, slowness 1, strong legs 1
a: Hop, Bend Time, Renounce Religion


You were on level 7 of the Dungeon.
You worshipped Cheibriados.
Cheibriados was pleased with you.
You were not hungry.

You visited 2 branches of the dungeon, and saw 8 of its levels.
You also visited: Sewer.

You collected 239 gold pieces.

Inventory:

Hand Weapons
 b - a +2 dagger of venom (weapon)
 w - a +0 blowgun
 x - the +7 quarterstaff of Conformity {flame, rElec Str+4}
   (You found it on level 5 of the Dungeon)

   It has been specially enchanted to burn those struck by it, causing extra
   injury to most foes and up to half again as much damage against particularly
   susceptible opponents.
   It affects your strength (+4).
   It insulates you from electricity.
Missiles
 f - 156 stones
 i - 57 poisoned needles
 I - 5 tomahawks (quivered)
Armour
 a - a +0 robe
 c - a +0 scale mail (worn)
 C - a +1 pair of gloves (worn)
 G - a +0 plate armour
 K - a +2 ring mail of poison resistance
Jewellery
 t - a ring of protection from magic (right hand)
 v - a +3 ring of evasion (left hand)
 H - an amulet of guardian spirit (around neck)
Wands
 r - a wand of polymorph (18/24)
 z - a wand of random effects (8/48)
Scrolls
 e - a scroll of identify {unknown}
 j - a scroll of fog {unknown}
 m - a scroll of teleportation {unknown}
 n - a scroll of remove curse
 p - a scroll of enchant armour
 q - a scroll of summoning {unknown}
 u - 3 scrolls of immolation
 y - a scroll of recharging
 J - a scroll of vulnerability {unknown}
Potions
 g - a potion of heal wounds {unknown}
 h - a potion of degeneration {unknown}
 k - a potion of cancellation {unknown}
 l - a potion of lignification
 A - a potion of brilliance {unknown}
 E - a potion of mutation {unknown}
 F - a potion of haste {unknown}
 M - a potion of might {unknown}
Books
 s - a book of Changes

   Spells                             Type                      Level
   a - Beastly Appendage              Transmutation                1
   b - Sticks to Snakes               Transmutation                2
   c - Spider Form                    Transmutation/Poison         3
   d - Ice Form                       Ice/Transmutation            4
   e - Blade Hands                    Transmutation                5
Comestibles
 d - 7 bread rations
 o - 4 meat rations
 D - a royal jelly
 N - 2 fruits


   Skills:
 + Level 3.3 Fighting
 * Level 6.8 Staves
 + Level 3.0 Armour
 + Level 4.2 Dodging
 - Level 2.0 Stealth
 - Level 7.5 Unarmed Combat
 + Level 0.2 Invocations


You had 7 spell levels left.
You didn't know any spells.

Dungeon Overview and Level Annotations

Branches:
Dungeon (7/15)             Temple (1/1) D:6

Altars:
Cheibriados
Dithmenos
Gozag
Kikubaaqudgha
Makhleb
Nemelex Xobeh
Ru
Trog
Uskayaw
Vehumet
Xom
The Shining One


Innate Abilities, Weirdness & Mutations

You can swim through water.
You cover ground slowly.
You can hop short distances.


Message History

The orc priest miscasts a cantrip.
The iguana misses you.
You see here 12 gold pieces.
The iguana bites you. The iguana bites you.
The iguana hisses menacingly.
The iguana bites you.
You hit the iguana.
The iguana is lightly wounded.
The iguana barely misses you.
The orc priest casts a cantrip, but nothing happens.
You hit the iguana but do no damage.
The iguana is poisoned.
The iguana is lightly wounded.
The iguana bites you!
* * * LOW HITPOINT WARNING * * *
The orc priest calls down the wrath of Beogh upon you.
Beogh smites you!
* * * LOW HITPOINT WARNING * * *
The iguana bites you.
You die...

.#.###.>#.#.# o#
#..oo#o#.# # #.#.#
.#...#..#.#.#.# #.#.#
.#####..#.#.#.# #.#.#
.ol.....#o..#.#####.#.#
.######...........#.#.#
...# #####$..###.#.#.#
##.# ##...#####.#.#.##
#.# #...oo.ol@.#..<.#
#.# ############.####
#.########## #.#
#..........#######.#
#..................#
#..........#########
#..........#
#.######.### #.######.#


You could see an orc warrior, an iguana, an orc priest and an orc.

Vanquished Creatures
  Purgy (Sewer)
  An orc warrior (D:6)
  2 phantoms
  3 ogres
  2 centaurs
  The ghost of Aak the Caller, an amateur VSSu (D:3)
  A centaur zombie (D:5)
  A bullfrog zombie (D:5)
  3 hounds
  2 orc priests (D:6)
  4 orc wizards
  An iguana (D:6)
  2 worker ants (D:5)
  6 gnolls
  A river rat (D:3)
  11 adders
  An adder skeleton (D:6)
  A worm (D:2)
  3 dart slugs
  6 leopard geckos
  11 orcs
  A ball python (D:3)
  4 giant cockroaches
  13 goblins
  8 hobgoblins
  3 jackals (D:2)
  A quokka (D:2)
  13 bats
  4 frilled lizards
  A giant cockroach zombie (D:6)
  A jackal skeleton (D:5)
  11 kobolds
  8 rats
132 creatures vanquished.

Notes
Turn   | Place    | Note
-------+----------+-------------------------------------------
     0 | D:1      | MrPlanck the Barachian Monk began the quest for the Orb.
     0 | D:1      | Reached XP level 1. HP: 18/18 MP: 1/1
    80 | D:1      | Reached XP level 2. HP: 11/24 MP: 2/2
   600 | D:1      | Reached skill level 4 in Unarmed Combat
   715 | D:1      | Reached XP level 3. HP: 29/29 MP: 3/3
  1293 | D:2      | Reached XP level 4. HP: 28/35 MP: 4/4
  1540 | D:2      | Found a burning altar of Makhleb.
  1666 | D:2      | Reached skill level 5 in Unarmed Combat
  2291 | D:3      | Reached XP level 5. HP: 39/41 MP: 5/5
  2576 | D:3      | Found a shadowy altar of Dithmenos.
  2612 | D:3      | Reached skill level 6 in Unarmed Combat
  2665 | D:3      | Noticed Aak's ghost (amateur VSSu)
  2694 | D:3      | Killed Aak's ghost
  2694 | D:3      | Reached skill level 1 in Armour
  2694 | D:3      | Reached XP level 6. HP: 16/47 MP: 6/6
  3677 | D:5      | Entered Level 5 of the Dungeon
  4105 | D:5      | Reached skill level 7 in Unarmed Combat
  4105 | D:5      | Reached XP level 7. HP: 15/52 MP: 7/7
  4813 | D:5      | Got a brightly glowing quarterstaff
  4816 | D:5      | Identified the +7 quarterstaff of Conformity {flame, rElec Str+4} (You found it on level 5 of the Dungeon)
  4874 | D:5      | Reached skill level 1 in Staves
  5345 | D:6      | Found a bloodstained altar of Trog.
  5373 | D:6      | Reached XP level 8. HP: 49/58 MP: 8/8
  5400 | D:6      | Found a radiant altar of Vehumet.
  5477 | D:6      | Found a glowing drain.
  5486 | Sewer    | Entered a sewer
  5532 | Sewer    | Noticed Purgy
  5547 | Sewer    | Killed Purgy
  5882 | D:6      | Reached skill level 5 in Staves
  6511 | D:6      | Found a staircase to the Ecumenical Temple.
  6527 | Temple   | Entered the Ecumenical Temple
  6546 | Temple   | Became a worshipper of Cheibriados the Contemplative
  6546 | Temple   | Reached * piety under Cheibriados
  6546 | Temple   | Reached ** piety under Cheibriados
  6736 | D:7      | HP: 1/58 [orc priest/divine providence (14)]
  6736 | D:7      | Slain by an iguana

Vault maps used:
D:1:      minmay_arrival_diagonal_passages
D:2:      lemuel_round_altar
D:3:      nicolae_dithmenos_through_a_glass_darkly
D:4:      fedhas_altar_2, lemuel_crystal_altar, uniq_sigmund
D:5:      first_bread
D:6:      chequers_temple_overflow_statue_of_worship, temple_hall,
          portal_sewer_entry_d, grunt_ministairs_3
D:7:      minmay_the_grid_2x2
Temple:   compressed_dpeg_triangle_lava_temple
Sewer:    sewer_big_baddie

Skill      XL: |  1  2  3  4  5  6  7  8 |
---------------+-------------------------+-----
Unarmed Combat | 4 5 6 7 |  7.5
Armour         | 1 2 3 |  3.0
Dodging        | 4 |  4.2
Staves         | 3 6 |  6.8
Fighting       | |  3.3
Stealth        | |  2.0
Invocations    | |  0.2

Action                   |  1- 3 |  4- 6 |  7- 9 || total
-------------------------+-------+-------+-------++-------
Melee: Unarmed           |   134 |    15 |    54 ||   203
       Dagger            |    16 |   212 |   155 ||   383
       Punch             |     3 |     5 |     8 ||    16
 Fire: Blowgun           |       |       |    14 ||    14
Throw: Stone             |       |       |     1 ||     1
 Abil: Hop               |       |     2 |     1 ||     3
Evoke: Wand              |       |     1 |     7 ||     8
  Use: Potion            |       |     1 |     2 ||     3
       Scroll            |       |       |     5 ||     5
 Stab: Sleeping          |     1 |       |       ||     1
  Eat: Chunk             |     2 |     9 |     5 ||    16
       Royal jelly       |       |       |     2 ||     2
Armor: Scale mail        |    62 |   102 |    71 ||   235
       Skin              |       |     4 |       ||     4
Dodge: Dodged            |    77 |   119 |   168 ||   364
